 Dungeon Crawl Stone Soup version 0.20.1-1-g8b1a95d (webtiles) character file.

154 equalderp2856 the Skirmisher (level 5, 0/42 HPs)
             Began as a Mummy Fighter on Oct 23, 2017.
             Slain by a worker ant (6 damage)
             ... on level 4 of the Dungeon.
             The game lasted 00:03:08 (3100 turns).

equalderp2856 the Skirmisher (Mummy Fighter)        Turns: 3100, Time: 00:03:09

Health: 0/42       AC:  8    Str: 20    XL:     5   Next: 13%
Magic:  5/5        EV:  7    Int:  8    God:
Gold:   140        SH:  8    Dex: 11    Spells: 4/4 levels left

rFire    x . .     SeeInvis .   a - +0 war axe
rCold    + . .     Gourm    .   c - +0 shield
rNeg     + + +     Faith    .   b - +0 scale mail
rPois    ∞         Spirit   .   (no helmet)
rElec    .         Reflect  .   q - +0 cloak
rCorr    .         Harm     .   n - +0 pair of gloves
MR       .....                  (no boots)
Stlth    ..........             (no amulet)
Regen    0.2/turn               (no ring)
MPRegen  0.1/turn               (no ring)

@: drained
A: no food or potions, fire vulnerability, cold resistance 1, negative energy
resistance 3, torment resistance, unbreathing
a: no special abilities


You were on level 4 of the Dungeon.
You were not hungry.

You visited 1 branch of the dungeon, and saw 4 of its levels.

You collected 140 gold pieces.

Inventory:

Hand Weapons
 a - a +0 war axe (weapon)
Armour
 b - a +0 scale mail (worn)
 c - a +0 shield (worn)
 n - a +0 pair of gloves (worn)
 q - a +0 cloak (worn)
Jewellery
 f - an uncursed amulet of harm
 r - an uncursed amulet of the gourmand {unknown}
Wands
 p - a wand of random effects (17/48)
Scrolls
 d - a scroll of fear {unknown}
 e - 2 scrolls of amnesia {unknown}
 g - 2 scrolls of enchant weapon {unknown}
 h - 3 scrolls of enchant armour {unknown}
 i - a scroll of magic mapping {unknown}
 j - a scroll of immolation {unknown}
 k - 2 scrolls of random uselessness {unknown}
 l - 2 scrolls of teleportation {unknown}
 m - 2 scrolls of remove curse {unknown}
 o - a scroll of fog {unknown}


   Skills:
 + Level 3.7(3.0) Fighting
 + Level 2.8(2.2) Axes
 + Level 3.0(2.4) Armour
 + Level 0.2(0.0) Dodging
 + Level 0.1(0.0) Stealth
 + Level 3.0(2.4) Shields


You had 4 spell levels left.
You didn't know any spells.

Dungeon Overview and Level Annotations

Branches:
Dungeon (4/15)
 Temple: D:4-7

Altars:
Elyvilon
Sif Muna
Yredelemnul
The Shining One


Innate Abilities, Weirdness & Mutations

You do not eat or drink.
Your flesh is vulnerable to fire.
You are immune to poison.
Your flesh is cold resistant. (rC+)
You are immune to negative energy. (rN+++)
You are immune to unholy pain and torment.
You can survive without breathing.


Message History

Your shield and scale mail prevent you from hitting the worker ant.
The worker ant is heavily wounded.
The worker ant bites you. x2
* * * LOW HITPOINT WARNING * * *
You hit the worker ant.
The worker ant is almost dead.
The worker ant bites you but does no damage.
You block the worker ant's attack.
You barely miss the worker ant.
The worker ant is almost dead.
The worker ant barely misses you. You block the worker ant's attack.
You closely miss the worker ant.
The worker ant is almost dead.
You block the worker ant's attack.
You closely miss the worker ant.
The worker ant is almost dead.
The worker ant bites you.
* * * LOW HITPOINT WARNING * * *
The worker ant bites you.
You die...

####################
#.......#..[........
#.#####.#.##@a......
#.# #.#.##.)......
###.#####.#.##........
#.......#.#.##........
#######.#.#.##........
#.#.#.##...$"...
#.#...####.#####
#####.###### .#
#<..........#


You could see a worker ant.

Vanquished Creatures
  Ijyb (D:3)
  3 adders
  An ooze (D:3)
  A worm (D:3)
  3 dart slugs
  3 orcs
  8 bats
  5 giant cockroaches
  13 goblins
  9 hobgoblins
  8 jackals
  11 kobolds
  A ball python (D:1)
  5 frilled lizards
  7 rats
79 creatures vanquished.

Notes
Turn   | Place    | Note
-------+----------+-------------------------------------------
     0 | D:1      | equalderp2856 the Mummy Fighter began the quest for the Orb.
     0 | D:1      | Reached XP level 1. HP: 18/18 MP: 1/1
   120 | D:1      | Reached XP level 2. HP: 19/24 MP: 2/2
   555 | D:1      | Found a glowing golden altar of the Shining One.
   627 | D:1      | Reached XP level 3. HP: 29/29 MP: 3/3
  1533 | D:2      | Reached XP level 4. HP: 30/35 MP: 4/4
  1580 | D:2      | Found a deep blue altar of Sif Muna.
  1972 | D:2      | Found a basalt altar of Yredelemnul.
  2024 | D:2      | Found a white marble altar of Elyvilon.
  2272 | D:3      | Noticed Ijyb
  2299 | D:3      | Killed Ijyb
  2660 | D:3      | Reached XP level 5. HP: 39/41 MP: 5/5
  3100 | D:4      | Slain by a worker ant

Skill      XL: |  1  2  3  4 |
---------------+-------------+-----
Axes           | 2 |  2.8
Armour         | 3 |  3.0
Shields        | 3 |  3.0
Fighting       | |  3.7
Dodging        | |  0.2
Stealth        | |  0.1

Action                   |  1- 3 |  4- 6 || total
-------------------------+-------+-------++-------
Melee: War axe           |   173 |   148 ||   321
Armor: Scale mail        |   108 |    59 ||   167
Dodge: Dodged            |    68 |    40 ||   108
Block: Shield            |   102 |    79 ||   181
